 Dungeon Crawl Stone Soup version 0.31.0-11-ge490571c62 (webtiles) character file.

Game seed: 9553118114621995528

316 qw the Shooter (level 6, -1/30 HPs)
             Began as a Spriggan Hunter on Feb 4, 2024.
             Killed by nerve-wracking pain
             ... invoked by Grinder
              (12 damage)
             ... on level 4 of the Dungeon.
             The game lasted 00:00:10 (2803 turns).

qw the Shooter (Spriggan Hunter)                    Turns: 2803, Time: 00:00:11

Health: -1/30      AC:  2    Str:  7    XL:     6   Next: 20%
Magic:  7/7        EV: 21    Int: 10    God:
Gold:   126        SH:  5    Dex: 21    Spells: 5/5 levels left

rFire   . . .        a - +0 shortbow
rCold   . . .        (shield currently unavailable)
rNeg    . . .        c - +0 robe
rPois   .            (helmet restricted)
rElec   .            (no cloak)
rCorr   .            (gloves unavailable)
SInv    +            (boots unavailable)
Will    +....        h - amulet of reflection
Stlth   ++           (no ring)
HPRegen 0.25/turn    (no ring)
MPRegen 0.10/turn

%: reflection
@: hasted, very quick
A: very small, no large weapons, unfitting armour, see invisible, speed 3
a: no special abilities


You were on level 4 of the Dungeon.
You visited 1 branch of the dungeon, and saw 4 of its levels.

You collected 126 gold pieces.


Innate Abilities, Weirdness & Mutations

You are very small and have problems with some larger weapons.
You are too small for most types of armour.
You have supernaturally acute eyesight. (SInv)
You cover ground extremely quickly. (Speed+++)


   Skills:
 - Level 2.0 Fighting
 + Level 6.1 Ranged Weapons
 - Level 6.0 Dodging
 - Level 1.5 Stealth


You had 5 spell levels left.
You didn't know any spells.
Your spell library was empty.

Inventory:

Hand Weapons
 a - a +0 shortbow (weapon)
Armour
 c - a +0 robe (worn)
Jewellery
 h - an amulet of reflection (around neck)
 i - a ring of ice
Scrolls
 e - a scroll of teleportation
Potions
 b - a potion of might
 g - a potion of resistance

Dungeon Overview and Level Annotations

Branches:
Dungeon (4/15)
 Temple: D:4-7

Altars:

Annotations:
D:1 1 transporter
D:4 Grinder


Message History

What level of the Dungeon? (default 4, ? - help)
You climb downwards.
Grinder shouts!
There is a stone staircase leading up here.
Grinder is nearby!
Waypoint 3 assigned to D:4.
2791 ||| DRINKING potion of haste.
You feel yourself speed up.
Grinder says, "What is the universe for?"
You shoot an arrow.
The arrow hits Grinder but does no damage.
You shoot an arrow. The arrow hits Grinder.
Grinder is lightly wounded.
Grinder completely misses you.
You shoot an arrow. The arrow barely misses Grinder.
Grinder hits you.
You shoot an arrow. The arrow hits Grinder.
Grinder is moderately wounded.
Grinder closely misses you.
You shoot an arrow. The arrow barely misses Grinder.
Grinder misses you.
You shoot an arrow. The arrow closely misses Grinder.
You shoot an arrow. The arrow hits Grinder.
Grinder is moderately wounded.
Grinder hits you.
You writhe in agony.
You shoot an arrow. The arrow barely misses Grinder.
Grinder completely misses you.
You shoot an arrow.
The arrow hits Grinder but does no damage.
Grinder is moderately wounded.
You shoot an arrow. The arrow barely misses Grinder.
Grinder hits you.
You writhe in agony.
You shoot an arrow. The arrow hits Grinder.
Grinder is moderately wounded.
Grinder barely misses you.
You shoot an arrow. The arrow hits Grinder!
Grinder is heavily wounded.
Grinder gestures at you. Pain shoots through your body!
You die...
Grinder says, "Now the real fun starts!"

########
##......##
#........##
..........#
......5...#
.......@..#
..........#
..........#
#........##
#.........
..........#
..........#
...........


You could see Grinder.

Vanquished Creatures
  A phantom (D:3)
  5 gnolls
  11 adders
  3 dart slugs
  A ribbon worm (D:3)
  2 orcs (D:3)
  4 endoplasms
  4 giant cockroaches
  8 goblins
  4 hobgoblins
  9 jackals
  8 kobolds
  3 quokkas (D:2)
  11 ball pythons
  4 bats
  A frilled lizard (D:2)
  12 rats
91 creatures vanquished.

Notes
Turn   | Place    | Note
-------+----------+-------------------------------------------
     0 | D:1      | qw the Spriggan Hunter began the quest for the Orb.
     0 | D:1      | Reached XP level 1. HP: 10/10 MP: 2/2
     0 | D:1      | 0 ||| qw: Version: 0.3-a-160-g6735b56
     0 | D:1      | 0 ||| qw: Game counter: 4906
     0 | D:1      | 0 ||| qw: Melee chars always use a shield: true
     0 | D:1      | 0 ||| qw: God list: Okawaru
     0 | D:1      | 0 ||| qw: Allow faded altars: false
     0 | D:1      | 0 ||| qw: Do Orc after clearing Dungeon:15 true
     0 | D:1      | 0 ||| qw: Do second Lair branch before Depths: true
     0 | D:1      | 0 ||| qw: Lair rune preference: random
     0 | D:1      | 0 ||| qw: Goals: Normal
     0 | D:1      | 0 ||| PLANNING D:1-11
    52 | D:1      | Reached skill level 3 in Dodging
    84 | D:1      | Reached XP level 2. HP: 14/14 MP: 3/3
   123 | D:1      | HP: 3/14 [hobgoblin (3)]
   128 | D:1      | Reached XP level 3. HP: 6/18 MP: 4/4
   921 | D:1      | 921 ||| UPGRADING to amulet of reflection.
   926 | D:1      | 926 ||| DROPPING ring of wizardry.
   927 | D:1      | 927 ||| READING scroll labelled LENWYREMPI.
   928 | D:1      | 928 ||| READING scroll labelled ELEZOPN HAROL.
   962 | D:1      | 962 ||| READING scroll labelled UDOLEB YKEWIO.
   962 | D:1      | 962 ||| IDENTIFYING black potion
   963 | D:1      | 963 ||| READING scroll labelled ECA CAVULEIMP.
   964 | D:1      | 964 ||| DROPPING scroll of butterflies.
  1149 | D:2      | 1149 ||| FLEEEEING.
  1150 | D:2      | 1150 ||| FLEEEEING.
  1151 | D:2      | 1151 ||| FLEEEEING.
  1152 | D:2      | 1152 ||| FLEEEEING.
  1153 | D:2      | 1153 ||| FLEEEEING.
  1154 | D:2      | 1154 ||| FLEEEEING.
  1155 | D:2      | 1155 ||| FLEEEEING.
  1156 | D:2      | 1156 ||| FLEEEEING.
  1157 | D:2      | 1157 ||| FLEEEEING.
  1158 | D:2      | 1158 ||| FLEEEEING.
  1159 | D:2      | 1159 ||| FLEEEEING.
  1160 | D:2      | 1160 ||| FLEEEEING.
  1164 | D:2      | Reached XP level 4. HP: 21/22 MP: 5/5
  1676 | D:2      | 1676 ||| READING scroll of identify.
  1676 | D:2      | 1676 ||| IDENTIFYING dark potion
  1797 | D:3      | Reached XP level 5. HP: 14/26 MP: 6/6
  2185 | D:3      | Noticed a phantom
  2191 | D:3      | Killed a phantom
  2192 | D:3      | Reached skill level 6 in Ranged Weapons
  2404 | D:3      | Reached XP level 6. HP: 30/30 MP: 7/7
  2519 | D:3      | Reached skill level 6 in Dodging
  2668 | D:3      | 2668 ||| READING 3 scrolls of identify.
  2668 | D:3      | 2668 ||| IDENTIFYING glowing inky potion
  2669 | D:3      | 2669 ||| READING 2 scrolls of identify.
  2669 | D:3      | 2669 ||| IDENTIFYING 2 red potions
  2670 | D:3      | 2670 ||| READING scroll of identify.
  2670 | D:3      | 2670 ||| IDENTIFYING scroll labelled TIKLETTEOZ
  2671 | D:3      | 2671 ||| READING 3 scrolls labelled PUOJOURILI.
  2672 | D:3      | 2672 ||| DROPPING 2 potions of brilliance.
  2673 | D:3      | 2673 ||| DROPPING 2 scrolls of poison.
  2675 | D:3      | 2675 ||| Stepping ~*~*~tactically~*~*~ (cloud).
  2790 | D:4      | Noticed Grinder
  2791 | D:4      | 2791 ||| DRINKING potion of haste.
  2803 | D:4      | Killed from afar by Grinder

Levels and vault maps discovered:
D:1:      spicycebolla_arrival_risky_transporter, layout_basic
D:2:      layout_basic, feat_on_display
D:3:      layout_loops_corners, minmay_snake_closets
D:4:      layout_rooms, uniq_grinder, uniq_sigmund, uniq_blork_the_orc

Skill      XL: |  1  2  3  4  5  6 |
---------------+-------------------+-----
Dodging        | 3 4 5 6 |  6.0
Ranged Weapons | 5 6 |  6.1
Fighting       | 2 |  2.0
Stealth        | |  1.5

Action                     |  1- 3 |  4- 6 || total
---------------------------+-------+-------++-------
   Fire: Shortbow          |   104 |   161 ||   265
    Use: Scroll            |     4 |     5 ||     9
         Potion            |       |     1 ||     1
 Armour: Robe              |    10 |    18 ||    28
  Dodge: Dodged            |    36 |    66 ||   102
  Block: Other             |    10 |    17 ||    27
         Reflection        |       |     1 ||     1

Table legend:
 A = Non-vault XP
 B = Vault XP
 C = Vault XP percentage of total XP
 D = Non-vault monster count
 E = Vault monster count
 F = Vault count percentage of total count
                 A         B        C        D         E       F
            +---------+---------+-------+---------+---------+-------
      Total |     355 |      97 |  21.5 |      82 |       9 |   9.9
            +---------+---------+-------+---------+---------+-------
        D:1 |      68 |       0 |   0.0 |      33 |       0 |   0.0
        D:2 |      83 |       0 |   0.0 |      27 |       0 |   0.0
        D:3 |     204 |      97 |  32.2 |      22 |       9 |  29.0
            +---------+---------+-------+---------+---------+-------
